 Dungeon Crawl Stone Soup version 0.30.1-3-gfc49f6343a (webtiles) character file.

Game seed: 8304746779821007430

52733 boopmooplesden the Blocker (level 14, -3/109 HPs)
             Began as a Demonspawn Gladiator on Aug 3, 2023.
             Was a High Priest of Trog.
             Slain by an eight-headed hydra (8 damage)
             ... on level 15 of the Dungeon.
             The game lasted 00:32:27 (16074 turns).

boopmooplesden the Blocker (Demonspawn Gladiator)  Turns: 16074, Time: 00:32:28

Health: -3/109     AC: 13    Str: 20    XL:     14   Next: 28%
Magic:  14/14      EV: 11    Int: 10    God:    Trog [*****.]
Gold:   1717       SH: 36    Dex: 17    Spells: 13/13 levels left

rFire   . . .        S - +0 demon trident (flame)
rCold   + . .        x - +18 shield of the Gong {Loud rN+ Will+ rCorr EV-5}
rNeg    + + .        A - +2 leather armour {rN+}
rPois   .            c - +1 helmet
rElec   .            (cloak unavailable)
rCorr   +            w - +0 pair of gloves "Runegisas" {rC+ Str+3 Stlth+}
SInv    +            g - +2 pair of boots {Stlth+}
Will    ++...        y - amulet of reflection
Stlth   +++++        o - ring of see invisible
HPRegen 1.38/turn    q - ring of resist corrosion
MPRegen 0.14/turn

%: reflection
@: on berserk cooldown, slowed, very slow
A: rugged brown scales 1, demonic guardian 2, powered by death 2, weakness
stinger 3
a: Renounce Religion, Berserk, Trog's Hand, Brothers in Arms


You were on level 15 of the Dungeon.
You worshipped Trog.
Trog was extremely pleased with you.
You visited 2 branches of the dungeon, and saw 16 of its levels.
You also visited: Bailey.

You collected 1717 gold pieces.

Inventory:

Hand Weapons
 a - a +2 quarterstaff of protection
 B - a +3 spear
 C - a +3 halberd of venom
 S - a +0 demon trident of flaming (weapon)
Missiles
 d - a throwing net (quivered)
 e - 3 javelins
Armour
 b - a +0 leather armour
 c - a +1 helmet (worn)
 g - a +2 pair of boots of stealth (worn)
 i - a +0 chain mail
 w - the +0 pair of gloves "Runegisas" (worn) {rC+ Str+3 Stlth+}
   (You acquired it on level 7 of the Dungeon)

   Str:       It affects your strength (+3).
   rC:        It protects you from cold.
   Stlth:     It makes you more stealthy.
 x - the +18 shield of the Gong (worn) {Loud rN+ Will+ rCorr EV-5}
   (You found it on level 8 of the Dungeon)

   Loud:      It is deafeningly noisy when blocking attacks.
   EV:        It affects your evasion (-5).
   rN:        It protects you from negative energy.
   rCorr:     It protects you from acid and corrosion.
   Will:      It increases your willpower.
 A - a +2 leather armour of positive energy (worn)
 E - a scarf of invisibility
 H - a +1 kite shield of cold resistance
Jewellery
 o - a ring of see invisible (left hand)
 q - a ring of resist corrosion (right hand)
 y - an amulet of reflection (around neck)
 I - the ring of the Bruised Orbs {MP+9 EV+5}
   (You found it on level 10 of the Dungeon)

   [ring of evasion]

   EV:        It affects your evasion (+5).
   MP:        It affects your magic capacity (+9).
 N - an amulet of the acrobat
 Q - an amulet of guardian spirit
 V - a +6 ring of strength
Wands
 k - a wand of iceblast (22)
 r - a wand of mindburst (37)
 G - a wand of paralysis (6)
 M - a wand of flame (11)
 T - a wand of polymorph (3)
Scrolls
 h - 8 scrolls of noise
 p - 2 scrolls of fog
 s - 13 scrolls of identify
 F - 2 scrolls of magic mapping
 O - a scroll of blinking
 U - a scroll of brand weapon
Potions
 j - 4 potions of flight
 l - 7 potions of attraction
 m - 4 potions of curing
 n - 4 potions of lignification
 t - 4 potions of brilliance {unknown}
 u - 3 potions of berserk rage {unknown}
 v - 4 potions of heal wounds {unknown}
 z - 2 potions of might
 D - a potion of ambrosia {unknown}
 J - 2 potions of invisibility {unknown}
 K - 3 potions of degeneration {unknown}
 L - a potion of cancellation {unknown}
 P - a potion of resistance {unknown}
 R - a potion of magic {unknown}


   Skills:
 + Level 8.9 Fighting
 + Level 10.2(12.0) Polearms
 + Level 10.3(12.1) Staves
 + Level 2.3 Throwing
 + Level 5.1 Armour
 + Level 9.9 Dodging
 + Level 5.4 Stealth
 + Level 12.0 Shields
 + Level 0.6 Unarmed Combat
 + Level 0.7 Evocations


You had 13 spell levels left.
You didn't know any spells.
Your spell library contained the following spells:

 Spells                   Type           Power      Damage    Failure   Level
 Apportation              Tloc           0%         N/A       61%         1
 Alistair's Intoxication  Tmut/Pois      0%         N/A       100%        5


Dungeon Overview and Level Annotations

Branches:
Dungeon (15/15)            Temple (1/1) D:4            Lair (0/5) D:9
    Orc (0/2) D:12         Vaults (0/5) D:14         Depths (0/4) D:15
 Bailey (visited)

Altars:
Ashenzari
Cheibriados
Dithmenos
Fedhas
Gozag
Kikubaaqudgha
Makhleb
Nemelex Xobeh
Okawaru
Ru
Sif Muna
Trog
Uskayaw
Vehumet
Yredelemnul

Shops:
D:3 :   D:4 *

Annotations:
D:4 Natasha


Innate Abilities, Weirdness & Mutations

You are partially covered in rugged brown scales. (AC +1, +3% HP)
A demonic guardian rushes to your aid.
You regenerate health from kills.
You have a sharp stinger which inflicts weakening toxins.


Message History

Things that are here:
a +0 giant spiked club; a +0 giant club You hit the eight-headed hydra but do no damage.
The ogre mage is no longer weakened.
You block the eight-headed hydra's attack.
GONNNNG!
The eight-headed hydra bites you.
You block the eight-headed hydra's attack.
PTOANNNG!
The eight-headed hydra bites you but does no damage.
The eight-headed hydra misses you.
The eight-headed hydra closely misses you.
The eight-headed hydra bites you but does no damage.
You block the eight-headed hydra's attack.
GONNNNG!
The ogre mage hits you with a +0 club.
You puncture the eight-headed hydra! You burn the eight-headed hydra.
The eight-headed hydra is lightly wounded.
The eight-headed hydra bites you.
You block the eight-headed hydra's attack.
BONNNG!
You block the eight-headed hydra's attack.
GONNNNG!
The eight-headed hydra bites you. The eight-headed hydra bites you!
You block the eight-headed hydra's attack.
BOUMMMMG!
The eight-headed hydra bites you. x2
* * * LOW HITPOINT WARNING * * *
The ogre mage hits you with a +0 club.
* * * LOW HITPOINT WARNING * * *
A demonic guardian appears!
The eight-headed hydra barely misses you.
The eight-headed hydra bites you!
* * * LOW HITPOINT WARNING * * *
You block the eight-headed hydra's attack.
GONNNNG!
The eight-headed hydra bites you!
* * * LOW HITPOINT WARNING * * *
The eight-headed hydra misses you. The eight-headed hydra bites you!
You die...

.....†....... ...........
.................................
.........................c.......
...........................c.....
.................................
.................................
.................................
.............<.O.................
..............OD@3...............
.###############..###############
.# #..# .# #..# ### .# #..# #..
.###############..#############..
..............................###
...............................##
.################..............#


You could see an eight-headed hydra (ally target), an ogre mage, an ogre (fast)
and a friendly soul eater (summoned).

Vanquished Creatures
  Rupert (D:15)
  Kirke (D:12)
  Frances (D:13)
  An emperor scorpion (D:15)
  A stone giant (D:12)
  A dire elephant (D:15)
  Josephine (D:11)
  2 vault guards (D:14)
  3 centaur warriors
  A boulder beetle (D:12)
  9 two-headed ogres
  2 tengu warriors (D:14)
  Pikel (D:8)
  3 wizards (D:14)
  A deep elf pyromancer (D:15)
  5 manticores
  An elephant (D:9)
  An orc knight (Bailey)
  6 cyclopes
  14 ugly things
  2 vault sentinels (D:8)
  Joseph (D:8)
  A naga mage (D:15)
  2 gargoyles (D:12)
  A molten gargoyle (D:15)
  A yaktaur (D:13)
  3 tengu conjurers (D:14)
  A troll (D:11)
  2 meliai (D:13)
  4 slime creatures (D:12)
  6 wraiths
  A shadow (D:9)
  2 vampires
  2 wyverns
  19 humans (D:14)
  24 yaks
  7 vampire mosquitoes
  2 acid dragons (D:11)
  5 black bears
  15 orc warriors
  A black bear (shapeshifter) (D:14)
  2 ice beasts (D:7)
  3 sky beasts
  4 centaurs
  9 ogres
  A lemure (D:8)
  2 phantoms
  Blork the orc (D:4)
  2 bullfrogs
  A gnoll sergeant (D:11)
  7 scorpions
  9 wights
  2 jellies
  8 orc priests
  2 gnoll boudas (D:7)
  5 iguanas
  2 sleepcaps
  Natasha (D:4)
  12 orc wizards
  9 gnolls
  7 adders
  3 shadow imps
  A white imp (D:6)
  An ufetubus (D:7)
  A worm (D:4)
  3 dart slugs
  57 orcs
  7 endoplasms
  A giant cockroach (D:1)
  10 goblins
  6 hobgoblins
  6 jackals
  6 kobolds
  4 quokkas
  3 ball pythons
  3 bats
  5 frilled lizards
  8 rats
372 creatures vanquished.

Vanquished Creatures (collateral kills)
  A two-headed ogre (D:12)
  2 tengu warriors (D:15)
  Sonja (D:13)
  A fire crab (shapeshifter) (D:13)
  2 gargoyles (D:13)
  A meliai (D:13)
  A yak (D:9)
  A wraith (D:11)
  A steam dragon (D:10)
  An orc warrior (D:12)
  An ice beast (D:6)
  A sky beast (D:6)
  An ogre (D:12)
  A kobold brigand (D:9)
  4 killer bees (D:7)
  A jelly (D:6)
  3 orcs
  A quokka (D:5)
  2 kobolds (D:9)
27 creatures vanquished.

Vanquished Creatures (others)
  2 deep elf pyromancers
  3 humans (D:12)
  A howler monkey (D:12)
  An orc wizard (D:8)
7 creatures vanquished.

Grand Total: 406 creatures vanquished

Notes
Turn   | Place    | Note
-------+----------+-------------------------------------------
     0 | D:1      | boopmooplesden the Demonspawn Gladiator began the quest for
                  | the Orb.
     0 | D:1      | Reached XP level 1. HP: 16/16 MP: 1/1
   404 | D:1      | Gained mutation: A weak demonic guardian rushes to your
                  | aid. [demonic ancestry]
   404 | D:1      | Reached XP level 2. HP: 19/22 MP: 2/2
   953 | D:2      | Reached XP level 3. HP: 21/27 MP: 3/3
  1335 | D:2      | Identified a scroll of acquirement
  1335 | D:2      | Acquired a +0 pair of boots of stealth
  1411 | D:3      | Found a faded altar of an unknown god.
  1579 | D:3      | Found Xotyc's Vocational Training.
  1756 | D:3      | Gained mutation: You regenerate a little health from kills.
                  | [demonic ancestry]
  1756 | D:3      | Reached XP level 4. HP: 21/33 MP: 4/4
  1757 | D:3      | Reached skill level 1 in Armour
  2233 | D:4      | Found Fattemao's Gadget Gallery.
  2285 | D:4      | Noticed Natasha
  2287 | D:4      | Noticed a scorpion
  2297 | D:4      | Killed a scorpion
  2298 | D:4      | Gained mutation: You regenerate health from kills. [demonic
                  | ancestry]
  2298 | D:4      | Reached XP level 5. HP: 20/39 MP: 5/5
  2300 | D:4      | Killed Natasha
  2312 | D:4      | Noticed Natasha
  2331 | D:4      | Reached skill level 1 in Stealth
  2416 | D:4      | Found a staircase to the Ecumenical Temple.
  2433 | Temple   | Entered the Ecumenical Temple
  2457 | Temple   | Became a worshipper of Trog the Wrathful
  2555 | D:4      | Noticed Blork the orc
  2565 | D:4      | Killed Blork the orc
  2566 | D:4      | Gained mutation: You have a small tail. [demonic ancestry]
  2566 | D:4      | Reached XP level 6. HP: 45/46 MP: 6/6
  2794 | D:5      | Entered Level 5 of the Dungeon
  2807 | D:5      | Reached skill level 5 in Staves
  3060 | D:5      | Gained mutation: You are partially covered in rugged brown
                  | scales. (AC +1, +3% HP) [demonic ancestry]
  3060 | D:5      | Reached XP level 7. HP: 39/53 MP: 7/7
  3263 | D:5      | Found a hide-covered altar of Uskayaw.
  3495 | D:5      | Gained mutation: A demonic guardian rushes to your aid.
                  | [demonic ancestry]
  3495 | D:5      | Reached XP level 8. HP: 47/60 MP: 8/8
  3591 | D:5      | Reached * piety under Trog
  4715 | D:6      | Reached skill level 5 in Dodging
  4931 | D:6      | Gained mutation: You have a tail ending in a sharp stinger.
                  | [demonic ancestry]
  4931 | D:6      | Reached XP level 9. HP: 52/66 MP: 9/9
  5128 | D:7      | Reached skill level 5 in Fighting
  5385 | D:7      | Found a shadowy altar of Dithmenos.
  5580 | D:7      | Reached ** piety under Trog
  5584 | D:7      | Acquired the +0 pair of gloves "Runegisas" {rC+ Str+3
                  | Stlth+}
  6297 | D:8      | Noticed Pikel
  6318 | D:8      | Killed Pikel
  6407 | D:8      | Noticed a vault sentinel
  6407 | D:8      | Noticed a vault sentinel
  6435 | D:8      | Killed a vault sentinel
  6436 | D:8      | Gained mutation: You have a sharp stinger which inflicts
                  | weakening toxins. [demonic ancestry]
  6436 | D:8      | Reached XP level 10. HP: 78/78 MP: 10/10
  6439 | D:8      | Noticed Joseph
  6450 | D:8      | Killed a vault sentinel
  6483 | D:8      | Killed Joseph
  6504 | D:8      | Reached skill level 5 in Stealth
  6527 | D:8      | Reached skill level 10 in Staves
  6547 | D:8      | Found the +18 shield of the Gong {Loud rN+ Will+ rCorr
                  | EV-5}
  7561 | D:9      | Noticed a centaur warrior
  7582 | D:9      | Reached skill level 1 in Polearms
  7582 | D:9      | Noticed an elephant
  7583 | D:9      | Killed a centaur warrior
  7583 | D:9      | Noticed a two-headed ogre
  7584 | D:9      | Reached skill level 1 in Shields
  7642 | D:9      | Reached skill level 2 in Shields
  7653 | D:9      | Reached *** piety under Trog
  7668 | D:9      | Reached skill level 3 in Shields
  7672 | D:9      | Killed a two-headed ogre
  7673 | D:9      | Reached XP level 11. HP: 58/85 MP: 11/11
  7765 | D:9      | Found a staircase to the Lair.
  8101 | D:9      | Reached skill level 4 in Shields
  8322 | D:10     | Entered Level 10 of the Dungeon
  8834 | D:10     | Found a flagged portal.
  8855 | Bailey   | Entered a bailey
  8873 | Bailey   | Noticed an orc knight
  9021 | Bailey   | Identified the +0 crystal plate armour "Ygurih" {rC- Dex+3
                  | Stlth+}
  9048 | Bailey   | Reached skill level 5 in Shields
  9099 | Bailey   | Killed an orc knight
  9328 | D:10     | Identified the ring of the Bruised Orbs {MP+9 EV+5}
  9675 | D:10     | Found a broken altar of Ashenzari.
 10017 | D:11     | Noticed Josephine
 10033 | D:11     | Killed Josephine
 10034 | D:11     | Reached skill level 5 in Polearms
 10082 | D:11     | Reached skill level 6 in Shields
 10107 | D:11     | HP: 3/86 [orc priest/divine providence (14)]
 10263 | D:11     | Reached **** piety under Trog
 11077 | D:12     | Noticed Kirke
 11099 | D:12     | Killed Kirke
 11100 | D:12     | Reached skill level 7 in Shields
 11100 | D:12     | Reached XP level 12. HP: 81/93 MP: 12/12
 11156 | D:12     | Paralysed by an orc priest for 5 turns
 11197 | D:12     | Noticed a two-headed ogre
 11224 | D:12     | Killed a two-headed ogre
 11248 | D:12     | Noticed a two-headed ogre
 11250 | D:12     | Noticed a two-headed ogre
 11251 | D:12     | Noticed a two-headed ogre
 11269 | D:12     | Killed a two-headed ogre
 11277 | D:12     | Killed a two-headed ogre
 11282 | D:12     | Killed a two-headed ogre
 11283 | D:12     | Reached skill level 8 in Shields
 11308 | D:12     | Noticed a stone giant
 11308 | D:12     | Noticed a two-headed ogre
 11308 | D:12     | Noticed a boulder beetle
 11347 | D:12     | Killed a stone giant
 11369 | D:12     | Found a staircase to the Orcish Mines.
 11369 | D:12     | Noticed a two-headed ogre
 11401 | D:12     | You fall into a shaft and drop 1 floor!
 11418 | D:13     | Noticed Sonja
 11436 | D:13     | HP: 4/94 [fire crab (shapeshifter)] (21)]
 11446 | D:13     | Killed Sonja
 11703 | D:13     | Noticed a centaur warrior
 11719 | D:13     | Killed a centaur warrior
 11829 | D:13     | Reached skill level 9 in Shields
 11923 | D:13     | Noticed Frances
 11950 | D:13     | Killed Frances
 12374 | D:13     | Found a sparkling altar of Nemelex Xobeh.
 12499 | D:12     | Noticed a two-headed ogre
 12732 | D:12     | Reached XP level 13. HP: 68/100 MP: 13/13
 13443 | D:12     | Reached skill level 10 in Shields
 13631 | D:12     | Identified the staff of poison "Emoh" {rPois rF++ Str+3
                  | Int-4}
 14264 | D:14     | Reached ***** piety under Trog
 14306 | D:14     | Reached skill level 11 in Shields
 14318 | D:14     | Found a gate to the Vaults.
 14806 | D:14     | Acquired 509 gold pieces
 14836 | D:15     | Entered Level 15 of the Dungeon
 14904 | D:15     | Noticed an emperor scorpion
 14924 | D:15     | Killed an emperor scorpion
 14926 | D:15     | Noticed a dire elephant
 14928 | D:15     | Noticed Rupert
 15023 | D:15     | Reached skill level 5 in Armour
 15023 | D:15     | Reached XP level 14. HP: 78/109 MP: 14/14
 15231 | D:15     | Reached skill level 10 in Polearms
 15265 | D:15     | HP: 5/109 [brown ugly thing (10)]
 15265 | D:15     | HP: 1/109 [acid (4)]
 15713 | D:15     | Killed Rupert
 15876 | D:15     | Found a staircase to the Depths.
 16070 | D:15     | Reached skill level 12 in Shields
 16074 | D:15     | HP: 5/109 [eight-headed hydra (7)]
 16074 | D:15     | Slain by an eight-headed hydra

Illustrated notes

Levels and vault maps discovered:
D:1:      minmay_arrival_radiant_lines, layout_basic
D:2:      layout_loops_cross
D:3:      layout_loops_ring, ebering_ecumenical_altar_webs, st_stairs_1,
          nicolae_shop_vocational
D:4:      layout_cave_pools, temple_fountains, nicolae_shop_gadgets,
          uniq_natasha, uniq_blork_the_orc, uniq_crazy_yiuf_cottage
D:5:      layout_rooms, mainiacjoe_overflow_small_starburst, tso_altar
D:6:      layout_basic, corexii_hall_statues_t, nicolae_kite_square_tiling_tiny,
          nicolae_figureground_sparkle
D:7:      layout_basic, grunt_dithmenos_shadows
D:8:      layout_basic, hellmonk_guarded_unrand_gong, uniq_joseph, uniq_pikel
D:9:      layout_gridville, david_lair_generic
D:10:     layout_stronghold, amethyst_overflow_temple_binary, enter_bailey_3,
          chequers_serial_rivers_micro_b
D:11:     layout_stronghold, serial_column_ruins, column_ruins_pillar_4,
          column_ruins_pillar_6, column_ruins_pillar_1, column_ruins_pillar_1,
          column_ruins_pillar_1, column_ruins_pillar_9, column_ruins_pillar_3,
          column_ruins_pillar_1, column_ruins_pillar_9, column_ruins_pillar_1,
          column_ruins_pillar_1, column_ruins_pillar_1, item_on_display_a,
          uniq_josephine
D:12:     cheibrodos_monumental, layout_rooms, david_orc_5,
          chequers_hall_statues_wall_a, uniq_kirke
D:13:     layout_basic, nemelex_altar_shiori, uniq_frances, uniq_sonja
D:14:     hellmonk_crumbling_castle, layout_cave_pools,
          grunt_vaults_entry_tiered, hangedman_decor_riveting
D:15:     hangedman_depths_entry_try_elsewhere_first, layout_long_grid,
          nicolae_vehumet_altar_sigil, nicolae_lava_and_water, uniq_rupert
Temple:   nicolae_temple_bog_church

Skill      XL: |  1  2  3  4  5  6  7  8  9 10 11 12 13 14 |
---------------+-------------------------------------------+-----
Staves         | 3 4 5 6 7 9 10 | 10.3
Dodging        | 3 4 5 7 8 9 |  9.9
Throwing       | 2 |  2.3
Armour         | 1 2 3 4 5 |  5.1
Stealth        | 1 2 4 5 |  5.4
Fighting       | 3 4 5 6 7 8 |  8.9
Polearms       | 2 5 7 9 10 | 10.2
Shields        | 3 7 9 11 12 | 12.0
Unarmed Combat | |  0.6
Evocations     | |  0.7

Action                     |  1- 3 |  4- 6 |  7- 9 | 10-12 | 13-15 || total
---------------------------+-------+-------+-------+-------+-------++-------
  Melee: Quarterstaff      |   120 |   128 |   331 |    94 |       ||   673
         Tailslap          |       |     5 |    67 |   243 |   170 ||   485
         Spear             |       |       |       |  1024 |   200 ||  1224
         Unarmed           |       |       |       |    10 |       ||    10
         Demon trident     |       |       |       |       |   525 ||   525
  Throw: Throwing net      |       |     6 |     1 |       |       ||     7
 Invoke: Berserk           |       |       |     3 |    11 |     8 ||    22
         Trog's Hand       |       |       |     1 |     3 |     1 ||     5
         Brothers in Arms  |       |       |       |     1 |       ||     1
  Evoke: Wand              |       |       |       |     7 |       ||     7
    Use: Scroll            |    12 |     3 |     7 |     8 |     4 ||    34
         Potion            |       |     4 |       |     1 |     1 ||     6
   Stab: Sleeping          |       |     3 |    11 |     3 |       ||    17
         Held in net/web   |       |     1 |     2 |       |       ||     3
         Distracted        |       |       |     1 |     2 |     1 ||     4
 Armour: Leather armour    |    48 |    51 |   101 |   183 |    83 ||   466
  Dodge: Dodged            |    98 |    83 |   217 |   186 |    94 ||   678
  Block: Kite shield       |       |       |       |  1335 |   829 ||  2164
         Reflection        |       |       |       |    11 |    11 ||    22
         Other             |       |       |       |     3 |       ||     3
